 Dungeon Crawl Stone Soup version 0.30-a0-377-g5cb311bc9f (webtiles) character file.

Game seed: 14339662166364884313

9 Shayle the Conjurer (level 2, 18/22 HPs)
             Began as a Demonspawn Reaver on Nov 28, 2022.
             Quit the game on level 1 of the Dungeon.
             The game lasted 00:00:36 (239 turns).

Shayle the Conjurer (Demonspawn Reaver)              Turns: 239, Time: 00:00:37

Health: 18/22      AC:  3    Str: 12    XL:     2   Next: 3%
Magic:  5/5        EV: 11    Int: 14    God:
Gold:   14         SH:  0    Dex: 11    Spells: 4/5 levels left

rFire   . . .      SeeInvis .    a - +0 hand axe
rCold   . . .      Faith    .    (no shield)
rNeg    . . .      Spirit   .    b - +0 leather armour
rPois   .          Reflect  .    (no helmet)
rElec   .          Harm     .    (no cloak)
rCorr   .          Rampage  .    (no gloves)
Will    .....                    (no boots)
Stlth   +.........               (no amulet)
HPRegen 0.23/turn                (no ring)
MPRegen 0.09/turn                (no ring)

@: no status effects
A: demonic guardian 1
a: no special abilities


You were on level 1 of the Dungeon.
You visited 1 branch of the dungeon, and saw 1 of its levels.

You collected 14 gold pieces.

Inventory:

Hand Weapons
 a - a +0 hand axe (weapon)
Armour
 b - a +0 leather armour (worn)
Scrolls
 c - a scroll of amnesia {unknown}
 e - a scroll of teleportation {unknown}


   Skills:
 + Level 2.2 Fighting
 - Level 2.6 Axes
 + Level 0.6 Armour
 - Level 1.7 Dodging
 + Level 0.8 Stealth
 - Level 2.0 Spellcasting
 - Level 3.0 Conjurations


You had 4 spell levels left.
You knew the following spells:

 Your Spells              Type           Power      Damage    Failure   Level
a - Kiss of Death         Conj/Necr      20%        2d7       16%         1

Your spell library contained the following spells:

 Spells                   Type           Power      Damage    Failure   Level
 Momentum Strike          Conj/Tloc      10%        3d8       24%         2
 Hailstorm                Conj/Ice       5%         3d4       43%         3


Dungeon Overview and Level Annotations

Branches:
Dungeon (1/15)

Altars:


Innate Abilities, Weirdness & Mutations

A weak demonic guardian rushes to your aid.


Message History

The dart slug launches a dart at you. The slug dart misses you.
You hit the dart slug.
The dart slug is moderately wounded.
You hit the dart slug but do no damage.
The dart slug is moderately wounded.
The dart slug barely misses you.
You hit the dart slug.
The dart slug is severely wounded.
The dart slug launches a dart at you. The slug dart misses you.
You hit the dart slug.
You kill the dart slug!
You barely miss the endoplasm. The endoplasm freezes you.
You are frozen.
You hit the endoplasm.
The endoplasm is almost dead.
The endoplasm closely misses you.
It was a potion of curing.
You feel better. The endoplasm hits you.
You barely miss the endoplasm.
The endoplasm is almost dead.
The endoplasm hits you but does no damage.
You barely miss the endoplasm.
The endoplasm is almost dead.
The endoplasm freezes you.
You are frozen.
The endoplasm barely misses you.
You hit the endoplasm.
You kill the endoplasm!
You have reached level 2!
Your demonic ancestry asserts itself...
You feel the presence of a demonic guardian.
You barely miss the frilled lizard.
The frilled lizard hisses.
The frilled lizard closely misses you.
You hit the frilled lizard.
You kill the frilled lizard!
Found 10 gold pieces.
You see here a dart slug corpse.
Are you sure you want to abandon this character and quit the game? (Confirm with "yes".)

## #.# #. . #.# ###
.. #. #.# #.. ##.
#.#####.#####.#
..###...........#.#
##
..####............
##..##.#
#.###.###.#.#
#......####.# #.#
#.#.# #.@†....#
#.###.#.#
##.########.##....#
#$. .....###...#
#... .........#.#
#..## ########.#.#
...# #.#.# ...#
#.#.# #..#
#######.#.#
#.........#


There were no monsters in sight!

Vanquished Creatures
  A dart slug (D:1)
  2 endoplasms (D:1)
  2 hobgoblins (D:1)
  A frilled lizard (D:1)
6 creatures vanquished.

Notes
Turn   | Place    | Note
-------+----------+-------------------------------------------
     0 | D:1      | Shayle the Demonspawn Reaver began the quest for the Orb.
     0 | D:1      | Reached XP level 1. HP: 16/16 MP: 3/3
   235 | D:1      | Gained mutation: A weak demonic guardian rushes to your
                  | aid. [demonic ancestry]
   235 | D:1      | Reached XP level 2. HP: 17/22 MP: 5/5
   239 | D:1      | Quit the game

Illustrated notes

Levels and vault maps discovered:
D:1:      shiori_arrival_oz, layout_loops_ring,
          ebering_ecumenical_altar_petrified, minmay_close_crescents

Action                   || total
-------------------------++-------
Melee: Hand axe          ||    25
  Use: Potion            ||     1
Armor: Leather armour    ||     4
Dodge: Dodged            ||     9

Table legend: (Time is in decaauts)
 A = Elapsed time spent in this place.
 B = Non-inter-level travel time spent in this place.
 C = Inter-level travel time spent in this place.
 D = Time resting spent in this place.
 E = Time spent auto-exploring this place.
 F = Levels seen in this place.
 G = Mean time per level.
                   A        B        C        D        E       F      G
               +--------+--------+--------+--------+--------+-----+--------+
         Total |    243 |    243 |      0 |      0 |    188 |   1 |  243.0 |
       Dungeon |    243 |    243 |      0 |      0 |    188 |   1 |  243.0 |
               +--------+--------+--------+--------+--------+-----+--------+

Top non-repeatable levels by time:
     D:1: 243 daAuts
